 Dungeon Crawl Stone Soup version 0.30-a0-845-g7c6808c8ce (webtiles) character file.

Game seed: 9980946353037166777

64 Duck the Cudgeller (level 3, -1/43 HPs)
             Began as a Demonspawn Berserker on Mar 2, 2023.
             Was a Believer of Trog.
             Slain by a gnoll
             ... wielding a +1 heavy flail
              (18 damage)
             ... on level 3 of the Dungeon.
             The game lasted 00:06:10 (2255 turns).

Duck the Cudgeller (Demonspawn Berserker)           Turns: 2255, Time: 00:06:11

Health: -1/43      AC:  5    Str: 19    XL:     3   Next: 91%
Magic:  3/3        EV: 11    Int:  8    God:    Trog [**....]
Gold:   134        SH:  3    Dex: 12    Spells: 2/2 levels left

rFire   + . .      SeeInvis .    o - +1 mace (protect)
rCold   x . .      Faith    .    l - +0 buckler
rNeg    . . .      Spirit   .    e - +0 leather armour
rPois   +          Reflect  .    a - +0 helmet
rElec   .          Rampage  .    (no cloak)
rCorr   .                        (no gloves)
Will    .....                    f - +0 pair of boots Stlth
                                 (no amulet)
HPRegen 0.27/turn                d - ring of poison resistance
MPRegen 0.08/turn                m - ring of fire

@: berserking, very quick
A: claws 1, weakness stinger 1
a: Renounce Religion, Berserk, Trog's Hand


You were on level 3 of the Dungeon.
You worshipped Trog.
Trog was pleased with you.
You visited 1 branch of the dungeon, and saw 3 of its levels.

You collected 134 gold pieces.

Inventory:

Hand Weapons
 o - a +1 mace of protection (weapon)
Armour
 a - a +0 helmet (worn)
 e - a +0 leather armour (worn)
 f - a +0 pair of boots (worn)
 l - a +0 buckler (worn)
Jewellery
 d - a ring of poison resistance (left claw)
 m - a ring of fire (right claw)
Scrolls
 b - 2 scrolls of teleportation
 n - 2 scrolls of identify
 p - a scroll of immolation {unknown}
Potions
 c - a potion of ambrosia
 g - 2 potions of curing
 h - a potion of attraction
 i - a potion of heal wounds
 j - a potion of flight
 k - a potion of magic


   Skills:
 + Level 3.5 Fighting
 * Level 3.6 Maces & Flails
 + Level 2.4 Armour
 - Level 1.7 Dodging
 + Level 0.0 Shields


You had 2 spell levels left.
You didn't know any spells.
Your spell library was empty.

Dungeon Overview and Level Annotations

Branches:
Dungeon (3/15)

Altars:
Wu Jian

Shops:
D:3 [


Innate Abilities, Weirdness & Mutations

You have sharp fingernails.
You have a small tail.


Message History

You climb downwards.
There is a stone staircase leading up here.
You can't go down here!
There is a stone staircase leading down here.
Done exploring.
You climb downwards.
Found a scroll of identify.
There is a stone staircase leading up here.
n - 2 scrolls of identify (gained 1)
g - 2 potions of curing (gained 1)
A kobold comes into view. It is wielding a +0 short sword.
A kobold is nearby!
The kobold closely misses you.
You hit the kobold.
Your weapon exudes an aura of protection.
You kill the kobold!
Trog accepts your kill.
No target in view!
No target in view!
Things that are here:
a +0 short sword; a kobold corpse
p - a scroll labelled MENIPR JUIXTUG A gnoll comes into view.
It is wielding a +0 spear.
A gnoll is nearby!
The gnoll shouts!
A gnoll comes into view. It is wielding a +0 whip.
The gnoll shouts!
The gnoll hits you from afar with a +0 spear!
A gnoll comes into view. It is wielding a +1 heavy flail.
The gnoll shouts!
The gnoll hits you with a +0 spear.
You closely miss the gnoll.
You tail-slap the gnoll, but do no damage.
The gnoll hits you with a +0 spear. The gnoll hits you but does no damage.
You are too injured to fight recklessly!
A red film seems to cover your vision as you go berserk!
You feel yourself moving faster!
You feel mighty! You block the gnoll's attack.
The gnoll hits you with a +0 spear.
The gnoll hits you with a +1 heavy flail!!
You die...

.#..# .#.##
)..# ..## .##
.# .# .#
#############
##
#.g@........#
#...gg........#
#.#.########..#
# #. #..# #
#..# #..# #..#
#..# #).#


You could see 3 gnolls.

Vanquished Creatures
  An adder (D:2)
  4 worms
  6 bats
  3 endoplasms
  A giant cockroach (D:2)
  3 goblins
  6 hobgoblins
  2 jackals (D:2)
  7 kobolds
  7 frilled lizards
  A rat (D:1)
41 creatures vanquished.

Notes
Turn   | Place    | Note
-------+----------+-------------------------------------------
     0 | D:1      | Duck the Demonspawn Berserker began the quest for the Orb.
     0 | D:1      | Reached XP level 1. HP: 18/18 MP: 1/1
   288 | D:1      | Discovered your monstrous ancestry.
   288 | D:1      | Gained mutation: You have sharp fingernails. [demonic
                  | ancestry]
   288 | D:1      | Reached XP level 2. HP: 8/24 MP: 2/2
  1020 | D:2      | Reached ** piety under Trog
  1021 | D:2      | Gained mutation: You have a small tail. [demonic ancestry]
  1021 | D:2      | Reached XP level 3. HP: 25/29 MP: 3/3
  1048 | D:2      | Found an ornate altar of the Wu Jian Council.
  1936 | D:2      | Found a faded altar of an unknown god.
  2060 | D:3      | Found Tali Uto's Armour Boutique.
  2255 | D:3      | Slain by a gnoll

Illustrated notes

Levels and vault maps discovered:
D:1:      lemuel_arrival_lava_pool, layout_basic
D:2:      minmay_chambers_of_ones, layout_basic, basic_altar,
          ebering_ecumenical_altar_sacrificial
D:3:      layout_basic, chequers_temple_overflow_statue_of_worship,
          serial_shops, shop, minmay_misc_feat_nine_boxes, minivault_19,
          minivault_5, nrook_campfire

Skill      XL: |  1 |
---------------+----+-----
Maces & Flails | 3 |  3.6
Armour         | 2 |  2.4
Fighting       | |  3.5
Dodging        | |  1.7

Action                     || total
---------------------------++-------
  Melee: Mace              ||   157
         Tailslap          ||     5
 Invoke: Berserk           ||     2
    Use: Scroll            ||     9
         Potion            ||     2
   Stab: Sleeping          ||     1
 Armour: Animal skin       ||    24
         Leather armour    ||     3
  Dodge: Dodged            ||   113
  Block: Buckler           ||     1

Table legend: (Time is in decaauts)
 A = Elapsed time spent in this place.
 B = Non-inter-level travel time spent in this place.
 C = Inter-level travel time spent in this place.
 D = Time resting spent in this place.
 E = Time spent auto-exploring this place.
 F = Levels seen in this place.
 G = Mean time per level.
                   A        B        C        D        E       F      G
               +--------+--------+--------+--------+--------+-----+--------+
         Total |   2304 |   1955 |    349 |    375 |   1157 |   3 |  768.0 |
       Dungeon |   2304 |   1955 |    349 |    375 |   1157 |   3 |  768.0 |
               +--------+--------+--------+--------+--------+-----+--------+

Top non-repeatable levels by time:
     D:2: 1405 daAuts
     D:1: 762 daAuts
     D:3: 136 daAuts
